 Dungeon Crawl Stone Soup version 0.19-a0-1732-g0b18a7b (webtiles) character file.

141 Ijustatesigmund the Magician (level 5, -11/24 HPs)
             Began as a Spriggan Wizard on Sept 30, 2016.
             Killed by divine providence
             ... invoked by an orc priest
              (16 damage)
             ... on level 3 of the Dungeon.
             The game lasted 00:10:12 (2467 turns).

Ijustatesigmund the Magician (Spriggan Wizard)      Turns: 2467, Time: 00:10:12

Health: -11/24     AC:  3    Str:  3    XL:     5   Next: 3%
Magic:  8/14       EV: 18    Int: 21    God:
Gold:   160        SH:  0    Dex: 19    Spells: 4 memorised, 8 levels left

rFire  . . .     SeeInvis +     k - -1 short sword (curse)
rCold  . . .     Gourm    .     a - +0 robe
rNeg   . . .     Faith    .     (shield restricted)
rPois  .         Spirit   .     b - +1 hat
rElec  .         Dismiss  .     (no cloak)
rCorr  .         Reflect  .     (gloves unavailable)
MR     .....     Harm     .     (boots unavailable)
Stlth  ++++......               (no amulet)
                                (no ring)
                                i - +5 ring of dexterity

@: very slightly contaminated, very quick
A: unfitting armour, see invisible, herbivore 3, speed 3, slow metabolism 2
a: no special abilities


You were on level 3 of the Dungeon.
You were not hungry.

You visited 1 branch of the dungeon, and saw 3 of its levels.

You collected 160 gold pieces.

Inventory:

Hand Weapons
 k - a cursed -1 short sword (weapon)
Armour
 a - a +0 robe (worn)
 b - a +1 hat (worn)
Jewellery
 i - a +5 ring of dexterity (left hand)
Scrolls
 f - a scroll of identify
Potions
 e - a potion of might
 g - 4 potions of curing
 h - a potion of invisibility
 m - a potion of haste
 n - a potion of brilliance {unknown}
Books
 c - a book of Minor Magic

   Spells                             Type                      Level
   a - Magic Dart                     Conjuration                  1
   b - Blink                          Translocation                2
   c - Call Imp                       Summoning                    2
   d - Repel Missiles                 Charms/Air                   2
   e - Slow                           Hexes                        2
   f - Conjure Flame                  Conjuration/Fire             3
   g - Mephitic Cloud                 Conjuration/Poison/Air       3
Comestibles
 d - 2 bread rations
 j - a royal jelly
 l - 2 fruits


   Skills:
 + Level 0.1 Fighting
 + Level 0.0 Short Blades
 - Level 3.0 Dodging
 - Level 5.2 Stealth
 + Level 5.7 Spellcasting
 - Level 0.6 Conjurations
 - Level 0.7 Summonings
 - Level 3.2 Translocations


You had 8 spell levels left.
You knew the following spells:

 Your Spells              Type           Power        Failure   Level  Hunger
a - Magic Dart            Conj           #...         10%         1    None
b - Blink                 Tloc           N/A          4%          2    None
c - Repel Missiles        Chrm/Air       #.....       17%         2    None
d - Call Imp              Summ           #.......     12%         2    None


Dungeon Overview and Level Annotations

Branches:
Dungeon (3/15)

Altars:
Fedhas
Zin
The Shining One


Innate Abilities, Weirdness & Mutations

You are very small and have problems with some larger weapons.
You are too small for most types of armour.
You have supernaturally acute eyesight. (SInv)
You are a herbivore.
You cover ground extremely quickly.
You need consume almost no food.


Message History

An orc comes into view. It is wielding a hand axe.
The orc priest invokes the aid of Beogh against you.
Pain shoots through your body!
Ouch! That really hurt!
Casting: Magic Dart
Confirm with . or Enter, or press ? or * to list all spells.
Aiming: Magic Dart
Press: ? - help, Shift-Dir - straight line, f - orc priest
Aim: an orc priest, wielding a club You miscast Magic Dart.
You are very lightly contaminated with residual magic.
Nothing appears to happen.
The orc shouts! x3
The orc priest mumbles some strange prayers to Beogh against you.
Pain shoots through your body!
* * * LOW HITPOINT WARNING * * *
The orc priest calls down the wrath of Beogh upon you.
Beogh smites you!
Ouch! That really hurt!
You die...

#####.#########
......#.......#
......#.#####.#
..............#
.....##.#######
.....##.# ########
.....##.# #......#
.....##.# #.####.#
#######.# #.# #@#
# #.###.####.# ###
#.#.....##.#
..#####.....#.##.#
.....##...###.##.#
..##.#...... ##.#
...#.#.#.##.# o..
...#.#.#.# .#
#.o## ...#.#.#.# .
#.o#


You could see an orc priest and an orc.

Vanquished Creatures
  A worker ant (D:3)
  5 adders
  3 oozes (D:1)
  4 dart slugs
  A worm (D:2)
  2 leopard geckos
  2 giant cockroaches
  6 goblins
  7 hobgoblins
  2 jackals (D:2)
  5 kobolds
  A ball python (D:2)
  8 bats
  A frilled lizard (D:1)
  3 rats
51 creatures vanquished.

Notes
Turn   | Place    | Note
-------+----------+-------------------------------------------
     0 | D:1      | Ijustatesigmund the Spriggan Wizard began the quest for the Orb.
     0 | D:1      | Reached XP level 1. HP: 9/9 MP: 6/6
   105 | D:1      | Reached XP level 2. HP: 13/13 MP: 1/8
   109 | D:1      | Learned a level 2 spell: Blink
   112 | D:1      | Learned a level 2 spell: Repel Missiles
   435 | D:1      | Reached skill level 5 in Stealth
   640 | D:1      | Learned a level 2 spell: Call Imp
   792 | D:1      | Reached XP level 3. HP: 16/16 MP: 6/9
  1407 | D:2      | Reached skill level 5 in Spellcasting
  1732 | D:2      | Reached XP level 4. HP: 21/21 MP: 9/12
  2358 | D:3      | Found a glowing silver altar of Zin.
  2361 | D:3      | Found a blossoming altar of Fedhas.
  2364 | D:3      | Found a glowing golden altar of the Shining One.
  2390 | D:3      | Reached XP level 5. HP: 19/24 MP: 9/14
  2467 | D:3      | Killed from afar by an orc priest

Vault maps used:
D:1:      saegor_arrival_simple_e
D:3:      grunt_temple_overflow_diamond, gup_sewer_entry_pipe

Skill      XL: |  1  2  3  4 |
---------------+-------------+-----
Stealth        | 4 5 |  5.2
Spellcasting   | 5 |  5.7
Translocations | 3 |  3.2
Fighting       | |  0.1
Dodging        | |  3.0
Conjurations   | |  0.6
Summonings     | |  0.7

Action                   |  1- 3 |  4- 6 || total
-------------------------+-------+-------++-------
Melee: Dagger            |     7 |       ||     7
       Short sword       |     4 |    14 ||    18
 Cast: Magic Dart        |   107 |    43 ||   150
       Repel Missiles    |     1 |       ||     1
  Use: Scroll            |     5 |     5 ||    10
 Stab: Sleeping          |     3 |     4 ||     7
Armor: Robe              |     3 |     1 ||     4
Dodge: Dodged            |    30 |    33 ||    63
       Deflected         |     1 |       ||     1
